 Dungeon Crawl Stone Soup version 0.18-a0-29-gce27f3c (webtiles) character file.

25 maniek23 the Sneak (level 2, 0/19 HPs)
             Began as a Vampire Enchanter on Nov 4, 2015.
             Slain by Ijyb
             ... wielding a +6 club
              (4 damage)
             ... on level 2 of the Dungeon.
             The game lasted 00:02:43 (1018 turns).

maniek23 the Sneak (Vampire Enchanter)              Turns: 1018, Time: 00:02:43

Health: 0/19       AC:  3    Str:  7    XL:     2   Next: 86%
Magic:  2/5        EV: 13    Int: 17    God:
Gold:   72         SH:  0    Dex: 14    Spells: 2 memorised, 2 levels left

rFire  . . .     SeeInvis +     a - +1 dagger
rCold  . . .     Clarity  .     b - +1 robe
rNeg   + . .     SustAt   .     (no shield)
rPois  .         Gourm    .     (no helmet)
rElec  .         Spirit   .     (no cloak)
rCorr  .         Warding  .     (no gloves)
rMut   .         Stasis   .     (no boots)
MR     .....                    (no amulet)
Stlth  +++.......               (no ring)
                                (no ring)

@: not resistant to hostile enchantments, fairly stealthy
A: fangs 3, see invisible, unbreathing
a: no special abilities


You were on level 2 of the Dungeon.
You were not thirsty.

You visited 1 branch of the dungeon, and saw 2 of its levels.

You collected 72 gold pieces.

Inventory:

Hand Weapons
 a - a +1 dagger (weapon)
Armour
 b - a +1 robe (worn)
Jewellery
 e - an uncursed amulet of clarity {unknown}
 g - an uncursed ring of positive energy {unknown}
 k - an uncursed ring of flight {unknown}
Scrolls
 h - a scroll of enchant armour
 i - 2 scrolls of random uselessness {unknown}
 j - a scroll of blinking {unknown}
 l - a scroll of remove curse {unknown}
 m - a scroll of teleportation {unknown}
Potions
 d - 2 potions of blood
Books
 c - a book of Maledictions

   Spells                             Type                      Level
   a - Corona                         Hexes                        1
   b - Ensorcelled Hibernation        Hexes/Ice                    2
   c - Confuse                        Hexes                        3
   d - Tukima's Dance                 Hexes                        3
   e - Dazzling Spray                 Conjuration/Hexes            3


   Skills:
 * Level 1.1 Short Blades
 + Level 2.5 Dodging
 + Level 5.3 Stealth
 + Level 2.2 Spellcasting
 + Level 4.7 Hexes


You had 2 spell levels left.
You knew the following spells:

 Your Spells              Type           Power        Failure   Level  Hunger
a - Corona                Hex            ###....      2%          1    #......
b - Ensorcelled Hibernat  Hex/Ice        #.....       14%         2    ###....


Dungeon Overview and Level Annotations

Branches:
Dungeon (2/15)

Altars:

Annotations:
D:2 Ijyb, Natasha


Innate Abilities, Weirdness & Mutations

You have razor-sharp teeth.
You have supernaturally acute eyesight.
You can survive without breathing.


Message History

Aiming: Ensorcelled Hibernation
Press: ? - help, Shift-Dir - straight line, f/p - Ijyb
Aim: Ijyb, wielding an enchanted club and wearing a ring mail (unusually resistant, chance to defeat MR: 50%) Ijyb is unaffected.
Ijyb completely misses you.
You hit Ijyb but do no damage. Ijyb hits you with an enchanted club!
* * * LOW HITPOINT WARNING * * *
Found 20 sling bullets of frost.
Natasha, Servant of Life and Death comes into view.
You see here 20 sling bullets of frost.
Natasha hisses angrily.
Ijyb is no longer unusually resistant.
Natasha casts a spell.
Read which item? (? for menu, Esc to quit)
As you read the scroll labeled EDO XAVIAHU, it crumbles to dust.
It is a scroll of identify.
Identify which item? (\ to view known items) (? for menu, Esc to quit)
h - a scroll of enchant armour Ijyb screams, "Die!"
Ijyb hits you with an enchanted club.
You die...

#..######.# #.# #..#
#.####.# #..#
#......# #..#
######## #).# #..#
#..#
##.################
####>.........(g@..5#
....##############h##
.....# # .....#
.....# .#'#.# .#.#.#
.#.#.# .#.#.#


You could see Ijyb, Natasha and a crimson imp.

Vanquished Creatures
  2 goblins (D:1)
  6 hobgoblins
  3 jackals (D:1)
  3 kobolds
  2 bats (D:1)
  3 giant cockroaches (D:1)
  4 rats
23 creatures vanquished.

Notes
Turn   | Place    | Note
--------------------------------------------------------------
     0 | D:1      | maniek23 the Vampire Enchanter began the quest for the Orb.
     0 | D:1      | Reached XP level 1. HP: 13/13 MP: 3/3
   339 | D:1      | Reached XP level 2. HP: 19/19 MP: 5/5
   343 | D:1      | Learned a level 2 spell: Ensorcelled Hibernation
   402 | D:1      | Reached skill level 5 in Stealth
   979 | D:2      | Noticed Ijyb
  1012 | D:2      | Noticed Natasha
  1018 | D:2      | Slain by Ijyb

Vault maps used:
D:1:      dpeg_arrival_simpleton_a
D:2:      first_bread, uniq_natasha, uniq_terence, uniq_robin, uniq_iyjb

Action                   || total
-------------------------++-------
Melee: Dagger            ||    46
 Cast: Corona            ||     1
       Ensorcelled Hiber ||     5
  Use: Scroll            ||     1
 Stab: Sleeping          ||    15
  Eat: Corpse            ||     4
